 Dungeon Crawl Stone Soup version 0.31-a0-656-gb4d89c20fa (webtiles) character file.

Game seed: 6730606599902219291

19 GloriousHammer the Chopper (level 3, -3/31 HPs)
             Began as a Meteoran Chaos Knight on Aug 30, 2023.
             Was a Plaything of Xom.
             Slain by a gnoll
             ... wielding a +0 spear
              (5 damage)
             ... on level 4 of the Dungeon.
             The game lasted 00:02:28 (486 turns).

GloriousHammer the Chopper (Meteoran Chaos Knight)   Turns: 486, Time: 00:02:29

Health: -3/31      AC:  5    Str: 15    XL:     3   Next: 11%
Magic:  4/4        EV: 11    Int: 13    God:    Xom [..*...]
Gold:   39         SH:  0    Dex: 14    Spells: 2/2 levels left

rFire   . . .        a - +0 hand axe (chaos)
rCold   . . .        (no shield)
rNeg    . . .        b - +2 leather armour
rPois   .            (no helmet)
rElec   .            (no cloak)
rCorr   .            (no gloves)
SInv    .            (no boots)
Will    .....        (no amulet)
Stlth   +            (no ring)
HPRegen 0.25/turn    (no ring)
MPRegen 0.09/turn

%: no passive effects
@: glowing
A: sense surroundings 1, otherworldly, glowing, explore regen
a: Renounce Religion


You were on level 4 of the Dungeon.
You worshipped Xom.
You were a toy of Xom.
You visited 1 branch of the dungeon, and saw 4 of its levels.

You collected 39 gold pieces.

Inventory:

Hand Weapons
 a - a +0 hand axe of chaos (weapon)
 d - a +0 whip
Armour
 b - a +2 leather armour (worn)
 f - a +0 ring mail
 g - a +0 scale mail
Scrolls
 c - a scroll of butterflies
 h - a scroll of poison {unknown}
 i - a scroll of identify {unknown}
 j - a scroll of teleportation {unknown}
Potions
 e - a potion of lignification {unknown}
 k - a potion of enlightenment {unknown}
 l - a potion of magic {unknown}


   Skills:
 - Level 3.5 Fighting
 + Level 4.0 Axes
 - Level 2.5 Armour
 - Level 1.6 Dodging


You had 2 spell levels left.
You didn't know any spells.
Your spell library was empty.

Dungeon Overview and Level Annotations

Branches:
Dungeon (4/15) Zot: 1898
 Temple: D:4-7

Altars:


Innate Abilities, Weirdness & Mutations

You passively map a small area around you.
You are easily found by Zot.
You glow in the dark.
You regain HP and MP as you explore.


Message History

The adder bites you. The adder misses you.
You slash the adder!
The adder seems to grow stronger.
Xom thinks this is hilarious!
The adder is almost dead.
The adder bites you.
You are poisoned.
The adder poisons you!
You hit the adder.
You kill the adder!
You feel sick.
You have reached level 3!
Your experience leads to an increase in your attributes!
Increase (S)trength, (I)ntelligence, or (D)exterity?
You feel stronger. x2; You feel agile.
You feel sick.
i - a scroll labelled RIFYKHAAMA You feel sick.
You feel sick.
You see here a +0 short sword.
You feel sick.
You feel sick.
You are no longer poisoned.
j - a scroll labelled VUBLUU NIFEASEEX You open the door.
Found a stone staircase leading down.
There is an open door here.
There is a stone staircase leading down here.
There is a stone staircase leading down here.
You climb downwards.
The goblin shouts!
Found a flail, a runed spear, 26 gold pieces and a fuming yellow potion.
There is a stone staircase leading up here.
You hit the goblin.
The goblin seems to grow stronger.
The goblin is severely wounded.
The goblin barely misses you.
You slash the goblin! You freeze the goblin.
You kill the goblin!
Found 8 stones and a whip.
Found a stone staircase leading up.
You see here a +0 spear of venom.
You now have 26 gold pieces (gained 13).
You now have 39 gold pieces (gained 13).
Found a bubbling brown potion.
k - a fuming yellow potion
There is a stone staircase leading up here.
You climb upwards.
The kobold shouts!
There is a stone staircase leading down here.
You barely miss the kobold. The kobold hits you but does no damage.
You closely miss the kobold. The kobold barely misses you.
You hit the kobold but do no damage. The kobold barely misses you.
You hit the kobold but do no damage.
The kobold is poisoned.
The kobold barely misses you. x2
You barely miss the kobold. Xom grants you insight.
You feel aware of your surroundings. The kobold hits you but does no damage.
You barely miss the kobold. Your punch misses the kobold.
The kobold is heavily wounded.
The kobold barely misses you.
You hit the kobold.
The kobold is severely wounded.
You kill the kobold!
Your Axes skill increases to level 4!
Things that are here:
a +0 short sword; a kobold corpse
Things that are here:
a +0 short sword; a kobold corpse
There is a stone staircase leading down here.
You climb downwards.
There is a stone staircase leading up here.
Found a stone staircase leading down.
You see here 8 stones.
l - a bubbling brown potion
Found a leather armour.
There is a stone staircase leading down here.
You climb downwards.
The gnoll shouts! x2; You hear an angry hiss.
Found 4 stones, 11 gold pieces and a scroll labelled ANIURI DAUWOS.
Found a stone staircase leading down.
There is a stone staircase leading up here.
The gnoll hits you from afar with a +0 spear.
The gnoll hits you from afar with a +0 heavy spear!
A shower of butterflies erupts from you!
The gnoll attacks as it pursues you!
The gnoll hits you from afar with a +0 spear!
There is a stone staircase leading up here.
You hit the gnoll. You burn the gnoll.
The gnoll is heavily wounded.
A dart slug comes into view.
The gnoll misses you.
An adder comes into view.
The gnoll hits you from afar with a +0 spear.
* * * LOW HITPOINT WARNING * * *
The giant cockroach closely misses you.
The gnoll hits you from afar with a +0 heavy spear.
* * * LOW HITPOINT WARNING * * *
The gnoll hits you but does no damage.
The gnoll hits you from afar with a +0 spear.
You die...
Xom is highly amused!

#.. #.#... ,
.##.w# ,
..#..., ?.....
, ...S.
....#.####....
.......$....#
, #..........#
, >......gg.##
, #..g..Bg(.#
, ,
#.....@...# **
,* ,
#..........# ,
#....b.....# ,
......b....#
..........##
...........
#..........#
#..........#
_, ,


You could see 3 gnolls, an adder, a dart slug, a giant cockroach and a
hobgoblin.

Vanquished Creatures
  An adder (D:2)
  A worm (D:2)
  An endoplasm (D:2)
  A goblin (D:3)
  3 kobolds (D:2)
  A rat (D:1)
8 creatures vanquished.

Notes
Turn   | Place    | Note
-------+----------+-------------------------------------------
     0 | D:1      | GloriousHammer the Meteoran Chaos Knight began the quest
                  | for the Orb.
     0 | D:1      | Reached XP level 1. HP: 19/19 MP: 2/2
    59 | D:1      | XOM: divination: magic mapping
   160 | D:1      | XOM: silly message
   229 | D:2      | Reached XP level 2. HP: 7/26 MP: 3/3
   409 | D:2      | Reached XP level 3. HP: 22/31 MP: 4/4
   455 | D:2      | XOM: divination: magic mapping
   458 | D:2      | Reached skill level 4 in Axes
   483 | D:4      | XOM: butterfly on damage
   486 | D:4      | Slain by a gnoll

Illustrated notes

Levels and vault maps discovered:
D:1:      tarquinn_simple_flora_water_a, layout_basic,
          shapermc_ecumenical_altar_pompeii, serial_shops,
          nicolae_shop_tiny_glass, serial_bayou_ford_a, minivault_14
D:2:      layout_basic
D:3:      layout_rooms, lemuel_tele_altar, kennysheep_cluttered_room,
          minmay_bisected, uniq_ijyb
D:4:      layout_rooms, nicolae_uskayaw_en_pointe,
          nicolae_qazlal_scattered_showers, minmay_temple_entry_ruins

Skill      XL: |  1  2  3 |
---------------+----------+-----
Axes           | 4 |  4.0
Fighting       | |  3.5
Armour         | |  2.5
Dodging        | |  1.6

Action                     || total
---------------------------++-------
  Melee: Hand axe          ||    36
 Armour: Leather armour    ||    14
  Dodge: Dodged            ||    15

Table legend: (Time is in decaauts)
 A = Elapsed time spent in this place.
 B = Non-inter-level travel time spent in this place.
 C = Inter-level travel time spent in this place.
 D = Time resting spent in this place.
 E = Time spent auto-exploring this place.
 F = Levels seen in this place.
 G = Mean time per level.
                   A        B        C        D        E       F      G
               +--------+--------+--------+--------+--------+-----+--------+
         Total |    500 |    474 |     26 |     77 |      0 |   4 |  125.0 |
       Dungeon |    500 |    474 |     26 |     77 |      0 |   4 |  125.0 |
               +--------+--------+--------+--------+--------+-----+--------+

Top non-repeatable levels by time:
     D:2: 243 daAuts
     D:1: 216 daAuts
     D:3: 37 daAuts
     D:4: 3 daAuts
